 Dungeon Crawl Stone Soup version 0.19.3-4-gbf9329e (webtiles) character file.

21901 Jerry the Covert (level 12, -8/62 HPs)
             Began as a Vine Stalker Fighter on Jan 27, 2017.
             Was a Believer of Uskayaw.
             Hit by a large rock thrown by a stone giant (23 damage)
             ... on level 2 of the Orcish Mines.
             The game lasted 00:58:54 (11568 turns).

Jerry the Covert (Vine Stalker Fighter)            Turns: 11568, Time: 00:58:55

Health: -8/62      AC: 13    Str: 21    XL:     12   Next: 94%
Magic:  0/19       EV: 17    Int:  8    God:    Uskayaw [**....]
Gold:   1303       SH:  0    Dex: 17    Spells: 0 memorised, 11 levels left

rFire  . . .     SeeInvis .     R - +1 dagger (speed)
rCold  . . .     Gourm    +     i - +0 swamp dragon scales
rNeg   . . .     Faith    .     (no shield)
rPois  +         Spirit   +     M - +2 hat
rElec  .         Reflect  .     (no cloak)
rCorr  .         Harm     .     k - +0 pair of gloves (curse)
MR     +....                    (no boots)
Stlth  +++++.....               n - amulet of the gourmand
                                Q - ring of stealth
                                v - +5 ring of evasion

@: no status effects
A: fangs 3, regeneration 2, magic shield, antimagic bite, no device heal 3, rot
immunity
a: Stomp, Line Pass, Renounce Religion


You were on level 2 of the Orcish Mines.
You worshipped Uskayaw.
Uskayaw was aware of your devotion.
You were completely stuffed.

You visited 3 branches of the dungeon, and saw 16 of its levels.

You collected 1457 gold pieces.
You spent 154 gold pieces at shops.

Inventory:

Hand Weapons
 R - a +1 dagger of speed (weapon)
Missiles
 a - 6 javelins of returning (quivered)
Armour
 c - a +0 shield
 i - +0 swamp dragon scales (worn)
 k - a cursed +0 pair of gloves (worn)
 M - a +2 hat (worn)
 O - a +2 scale mail of magic resistance
Jewellery
 g - an uncursed amulet of faith
 n - an amulet of the gourmand (around neck)
 v - a +5 ring of evasion (left hand)
 Q - a ring of stealth (right hand)
Wands
 x - a wand of paralysis (6/24)
 G - a wand of lightning (11/15)
 W - a wand of digging (16/24)
Scrolls
 b - 7 scrolls of remove curse
 j - 4 scrolls of teleportation
 m - 3 scrolls of immolation
 o - 4 scrolls of magic mapping
 u - 4 scrolls of identify
 y - 3 scrolls of enchant weapon
 H - a scroll of fog
 S - a scroll of holy word {unknown}
 T - a scroll of fear
 U - a scroll of enchant armour {unknown}
Potions
 d - a potion of might
 e - 2 potions of resistance
 l - 3 potions of brilliance
 p - a potion of agility
 q - 3 potions of flight
 r - 2 potions of lignification
 w - 9 potions of curing
 B - a potion of ambrosia
 C - 2 potions of magic
 D - a potion of haste
 E - 3 potions of mutation
 L - a potion of cure mutation {unknown}
 N - a potion of invisibility
 V - 2 potions of cancellation {unknown}
Books
 K - a book of the Sky

   Spells                             Type                      Level
   a - Summon Lightning Spire         Summoning/Air                4
   b - Airstrike                      Air                          4
   c - Silence                        Hexes/Air                    5
   d - Deflect Missiles               Charms/Air                   6
   e - Conjure Ball Lightning         Conjuration/Air              6
   f - Tornado                        Air                          9
 P - a book of Debilitation

   Spells                             Type                      Level
   a - Corona                         Hexes                        1
   b - Slow                           Hexes                        2
   c - Gell's Gravitas                Hexes/Translocation          3
   d - Inner Flame                    Hexes/Fire                   3
   e - Cause Fear                     Hexes                        4
   f - Leda's Liquefaction            Hexes/Earth                  4
Comestibles
 f - 14 bread rations
 h - 12 meat rations
 s - a royal jelly
 t - 3 chunks of flesh
 z - 6 fruits
 I - 2 slices of pizza
 J - 2 beef jerkies


   Skills:
 - Level 6.4 Fighting
 + Level 10.5 Short Blades
 + Level 9.9 Armour
 + Level 2.5 Dodging
 - Level 10.5 Stealth
 - Level 2.6 Shields
 + Level 9.1 Invocations


You had 11 spell levels left.
You didn't know any spells.

Dungeon Overview and Level Annotations

Branches:
Dungeon (13/15)            Temple (1/1) D:4            Lair (0/6) D:9
    Orc (2/2) D:9             Elf (0/3) Orc:2
 Vaults: D:13-14

Altars:
Ashenzari
Cheibriados
Dithmenos
Elyvilon
Fedhas
Gozag
Hepliaklqana
Kikubaaqudgha
Makhleb
Nemelex Xobeh
Okawaru
Qazlal
Ru
Sif Muna
Trog
Uskayaw
Vehumet
Xom
Yredelemnul
Zin
The Shining One
Beogh

Shops:
D:5 (!   D:9 ?   D:12 !


Innate Abilities, Weirdness & Mutations

You have razor-sharp teeth.
You heal very quickly.
When hurt, damage is shared between your health and your magic reserves.
Your bite disrupts and absorbs the magic of your enemies.
Potions and wands cannot restore your health.
You are immune to rotting.


Message History

You hit the troll but do no damage. You bite the troll, but do no damage.
The troll is severely wounded.
The troll closely misses you. The troll claws you.
* * * LOW HITPOINT WARNING * * *
The troll closely misses you.
You hit the troll.
The troll is severely wounded.
You hit the troll. Your bite misses the troll.
The troll is severely wounded.
You hit the troll. You bite the troll. You drain its power.
You feel invigorated.
You kill the troll!
The troll leather armour is intact enough to wear.
The orc warrior closely misses you.
You hit the orc but do no damage. You bite the orc, but do no damage.
You hit the orc. You bite the orc, but do no damage.
The orc is lightly wounded.
The orc warrior no longer looks unusually strong.
The stone giant throws a large rock.
The large rock hits you!!
You die...

... #...# .....##..
..........
...........
#####.............
##@#...............
##..oo..............
#...C...............
##..........$.......
#...............$..
#....#..............
##.$#...............
#.........$........
##.#...............


You could see a stone giant, an orc warrior and an orc.

Vanquished Creatures
  Gastronok (D:8)
  Harold (D:10)
  A vault guard (D:13)
  Fannar (D:10)
  Erica (D:11)
  A hydra (D:11)
  Urug (D:12)
  Sonja (D:11)
  2 hill giants
  2 orc knights
  An ugly thing (D:12)
  Psyche (D:8)
  Joseph (D:8)
  The ghost of Leibowitz the Cutter, a novice DgFi (D:5)
  A gargoyle (D:11)
  A centaur skeleton (D:11)
  2 trolls
  A merfolk (D:10)
  A two-headed ogre (D:11)
  3 hippogriffs
  A wyvern (D:9)
  2 basilisks (D:9)
  9 yaks
  A hungry ghost (D:7)
  2 wargs (Orc:1)
  2 insubstantial wisps (D:7)
  A soldier ant (D:12)
  4 porcupines (D:9)
  2 ice beasts
  12 orc warriors
  2 black bears
  4 sky beasts
  A necrophage (D:12)
  15 ogres
  5 centaurs
  A phantom (D:4)
  3 crocodiles
  A big kobold (D:8)
  8 bullfrogs
  A gnoll sergeant (D:6)
  7 scorpions
  4 killer bees (D:7)
  3 wights (D:10)
  3 howler monkeys
  7 crimson imps
  A centaur zombie (D:7)
  3 bullfrog zombies
  A quasit (D:7)
  3 jellies
  9 hounds
  17 orc priests
  10 orc wizards
  2 iguanas
  3 bullfrog skeletons
  13 worker ants
  3 hound skeletons
  5 gnolls
  A worker ant zombie (D:6)
  14 adders
  2 river rats (D:9)
  A shadow imp (D:6)
  An adder zombie (D:5)
  An adder skeleton (D:4)
  7 worms
  11 leopard geckos
  78 orcs
  12 bats
  9 giant cockroaches
  7 hobgoblins
  7 quokkas
  2 ball pythons
  8 frilled lizards
  6 goblins (D:1)
  13 kobolds
  2 quokka skeletons
  A quokka zombie (D:8)
  5 rats
384 creatures vanquished.

Vanquished Creatures (others)
  A steam dragon (D:7)
  A sky beast (D:7)
  A worker ant zombie (D:7)
  An orc (D:10)
  A fungus (D:9)
  3 plants (D:9)
8 creatures vanquished.

Grand Total: 392 creatures vanquished

Notes
Turn   | Place    | Note
-------+----------+-------------------------------------------
     0 | D:1      | Jerry the Vine Stalker Fighter began the quest for the Orb.
     0 | D:1      | Reached XP level 1. HP: 11/11 MP: 2/2
   105 | D:1      | Reached skill level 1 in Stealth
   105 | D:1      | Reached XP level 2. HP: 14/16 MP: 3/3
   507 | D:1      | Reached XP level 3. HP: 16/19 MP: 4/4
  1736 | D:3      | Gained mutation: Your natural rate of healing is unusually fast. [Vine Stalker growth]
  1736 | D:3      | Reached XP level 4. HP: 10/24 MP: 5/5
  1857 | D:3      | Reached XP level 5. HP: 28/28 MP: 4/6
  2524 | D:4      | Found a staircase to the Ecumenical Temple.
  2531 | D:4      | Reached XP level 6. HP: 33/33 MP: 7/7
  2855 | D:4      | Reached XP level 7. HP: 37/37 MP: 8/8
  3726 | Temple   | Entered the Ecumenical Temple
  3987 | Temple   | Became a worshipper of Uskayaw the Reveler
  4110 | D:5      | Entered Level 5 of the Dungeon
  4115 | D:5      | Reached * piety under Uskayaw
  4122 | D:5      | Reached ** piety under Uskayaw
  4140 | D:5      | Reached skill level 5 in Stealth
  4141 | D:5      | Reached *** piety under Uskayaw
  4145 | D:5      | Got a jewelled leather armour
  4156 | D:5      | Identified the +1 leather armour "Geloavir" {MR++ Str-4 Int+4} (You found it on level 5 of the Dungeon)
  4177 | D:5      | Gained mutation: You have razor-sharp teeth. [Vine Stalker growth]
  4177 | D:5      | Reached XP level 8. HP: 42/42 MP: 9/9
  4218 | D:5      | Found Ocyth's Weapon Shop.
  4282 | D:5      | Found Suzin's Distillery.
  4288 | D:5      | Noticed Leibowitz's ghost (novice DgFi)
  4318 | D:5      | Killed Leibowitz's ghost
  4318 | D:5      | Reached skill level 5 in Fighting
  4367 | D:5      | Bought a potion of curing for 33 gold pieces
  4367 | D:5      | Bought a potion of brilliance for 44 gold pieces
  4367 | D:5      | Bought a potion of agility for 44 gold pieces
  4367 | D:5      | Bought a potion of flight for 33 gold pieces
  4417 | D:5      | Reached skill level 5 in Armour
  4574 | D:5      | Found a glowing golden altar of the Shining One.
  4660 | D:5      | Reached skill level 5 in Short Blades
  4793 | D:6      | Reached XP level 9. HP: 23/48 MP: 10/10
  4796 | D:6      | Reached **** piety under Uskayaw
  4802 | D:6      | Reached ***** piety under Uskayaw
  4841 | D:6      | Found a bloodstained altar of Trog.
  5257 | D:6      | Got a spiked plate armour
  5268 | D:6      | Identified the +5 plate armour "Yghofor" {Int+5 Dex+3} (You took it off an orc warrior on level 6 of the Dungeon)
  5383 | D:7      | Reached skill level 1 in Invocations
  5448 | D:7      | Reached XP level 10. HP: 35/53 MP: 10/12
  5976 | D:8      | Noticed Psyche
  5985 | D:8      | Killed Psyche
  6345 | D:8      | Noticed Joseph
  6357 | D:8      | Killed Joseph
  6386 | D:8      | Noticed Gastronok
  6411 | D:8      | Killed Gastronok
  6411 | D:8      | Reached skill level 5 in Invocations
  6517 | D:8      | Reached XP level 11. HP: 56/58 MP: 16/16
  6608 | D:9      | Reached ****** piety under Uskayaw
  6659 | D:9      | Found a staircase to the Lair.
  6732 | D:9      | Found a staircase to the Orcish Mines.
  6800 | D:9      | Found a basalt altar of Yredelemnul.
  7302 | D:9      | Found Nuuvvana's Magic Scroll Shop.
  7496 | D:10     | Entered Level 10 of the Dungeon
  7532 | D:10     | Noticed Harold
  7550 | D:10     | Killed Harold
  7751 | D:10     | Noticed a death knight
  8163 | D:10     | Noticed Fannar
  8193 | D:10     | Killed Fannar
  8383 | D:11     | Noticed Sonja
  8396 | D:11     | Killed Sonja
  8505 | D:11     | Gained mutation: You heal very quickly. [Vine Stalker growth]
  8505 | D:11     | Reached XP level 12. HP: 62/62 MP: 18/18
  8601 | D:11     | Found a roughly hewn altar of Beogh.
  8930 | D:11     | Noticed Erica
  8956 | D:11     | Killed Erica
  8989 | D:11     | Noticed a seven-headed hydra
  8996 | D:11     | Killed a seven-headed hydra
  8996 | D:11     | Reached skill level 10 in Stealth
  9333 | D:12     | Reached skill level 10 in Short Blades
  9798 | D:12     | Found Kigatoet's Distillery.
 10119 | D:12     | Noticed Urug
 10149 | D:12     | Killed Urug
 10149 | D:12     | Reached skill level 1 in Dodging
 10268 | D:13     | Noticed a centaur warrior
 10401 | D:13     | Noticed a vault guard
 10401 | D:13     | Noticed a vault guard
 10402 | D:13     | Noticed a vault guard
 10438 | D:13     | Killed a vault guard
 10444 | D:13     | Noticed a vault guard
 10480 | D:13     | Noticed a vault guard
 10617 | Orc:1    | Entered Level 1 of the Orcish Mines
 11275 | Orc:2    | Entered Level 2 of the Orcish Mines
 11327 | Orc:2    | Found a roughly hewn altar of Beogh.
 11483 | Orc:2    | Found a staircase to the Elven Halls.
 11535 | Orc:2    | HP: 2/62 [orc warrior/trident[an orc knight] (4)]
 11543 | Orc:2    | Noticed a stone giant
 11568 | Orc:2    | Hit by a large rock thrown by a stone giant

Skill      XL: |  1  2  3  4  5  6  7  8  9 10 11 12 |
---------------+-------------------------------------+-----
Stealth        | 1 2 3 4 5 7 8 9 10 | 10.5
Short Blades   | 2 3 4 5 6 8 9 10 | 10.5
Fighting       | 3 4 5 6 |  6.4
Armour         | 3 4 5 6 7 9 |  9.9
Invocations    | 2 5 7 9 |  9.1
Dodging        | 2 |  2.5
Shields        | |  2.6

Action                   |  1- 3 |  4- 6 |  7- 9 | 10-12 || total
-------------------------+-------+-------+-------+-------++-------
Melee: Rapier            |   118 |    79 |       |       ||   197
       Bite              |    27 |    33 |   115 |   426 ||   601
       Short sword       |       |    59 |   335 |   420 ||   814
       Dagger            |       |       |       |   619 ||   619
Throw: Stone             |       |       |     5 |     1 ||     6
Invok: Line Pass         |       |       |     3 |     7 ||    10
       Stomp             |       |       |     5 |       ||     5
       Grand Finale      |       |       |       |     1 ||     1
Evoke: Wand              |       |       |       |     2 ||     2
  Use: Scroll            |       |       |    15 |     9 ||    24
 Stab: Sleeping          |     1 |     1 |     8 |    20 ||    30
       Paralysed         |       |       |    12 |    33 ||    45
       Distracted        |       |       |     2 |     3 ||     5
       Confused          |       |       |     1 |     3 ||     4
  Eat: Chunk             |     2 |    13 |     9 |    31 ||    55
       Fruit             |       |       |     1 |       ||     1
       Beef jerky        |       |       |       |     1 ||     1
Armor: Scale mail        |    44 |       |       |       ||    44
       Swamp dragon scal |    19 |    63 |    68 |   121 ||   271
       Leather armour    |       |       |     1 |       ||     1
       Plate armour      |       |       |    65 |    83 ||   148
Dodge: Dodged            |    66 |    84 |   219 |   386 ||   755
